 Dungeon Crawl Stone Soup version 0.28-a0-861-ge64d6db94f (webtiles) character file.

Game seed: 6818701847448159218

325 lunkers the Skirmisher (level 6, -6/48 HPs)
             Began as a Djinni Cinder Acolyte on Nov 15, 2021.
             Was a High Priest of Ignis.
             Killed by nerve-wracking pain
             ... invoked by Grinder
              (10 damage)
             ... while paralysed by Grinder
             ... on level 4 of the Dungeon.
             The game lasted 00:06:20 (4926 turns).

lunkers the Skirmisher (Djinni Cinder Acolyte)      Turns: 4926, Time: 00:06:21

Health: -6/48      AC:  3    Str: 13    XL:     6   Next: 78%
Gold:   131        EV:  2    Int: 18    God:    Ignis [*****.] SH:  0 Dex:  8

rFire   + + +      SeeInvis .   h - +2 dagger (drain)
rCold   x . .      Faith    .   p - +0 buckler
rNeg    . . .      Spirit   .   b - +0 robe
rPois   ∞          Reflect  .   n - +0 helmet
rElec   .          Harm     .   (no cloak)
rCorr   .          Rampage  .   (no gloves)
Will    .....                   (boots unavailable)
Stlth   +.........              (no amulet)
HPRegen 0.16/turn               (no ring)
MPRegen 0.00/turn               (no ring)

@: paralysed, flying, very slightly contaminated
A: sickness immunity, fire resistance 2, cold vulnerability 1, float, innate
caster, hp casting, extra vitality 1
a: Renounce Religion, Sea of Fire, Foxfire Swarm, Rising Flame


You were on level 4 of the Dungeon.
You worshipped Ignis.
Ignis was extremely pleased with you.
You visited 1 branch of the dungeon, and saw 4 of its levels.

You collected 131 gold pieces.

Inventory:

Hand Weapons
 a - a -1 short sword of flaming
 h - a +2 dagger of draining (weapon)
Missiles
 e - 6 curare-tipped darts
Armour
 b - a +0 robe (worn)
 n - a +0 helmet (worn)
 p - a +0 buckler (worn)
Magical Staves
 l - a staff of death
 t - a staff of conjuration
Wands
 s - a wand of iceblast (2)
Scrolls
 d - a scroll of magic mapping {unknown}
 f - a scroll of silence {unknown}
 i - a scroll of vulnerability {unknown}
 j - a scroll of noise {unknown}
 m - 2 scrolls of identify {unknown}
 q - a scroll of teleportation {unknown}
 u - a scroll of fear {unknown}
Potions
 c - 2 potions of curing {unknown}
 g - a potion of resistance {unknown}
 k - a potion of attraction {unknown}
 o - a potion of lignification {unknown}
 r - a potion of magic {unknown}


   Skills:
 + Level 4.6 Fighting
 - Level 2.6 Short Blades
 + Level 0.5 Shields
 * Level 4.6 Spellcasting


You had 9 spell levels left.
You knew the following spells:

 Your Spells              Type           Power      Damage    Failure   Level
i - Passwall              Tmut/Erth      16%        N/A       4%          2
o - Pain                  Necr           80%        1d8       3%          1
p - Scorch                Fire           40%        2d7       4%          2
Your spell library was empty.

Dungeon Overview and Level Annotations

Branches:
Dungeon (4/15)
 Temple: D:4-7

Altars:

Annotations:
D:4 Grinder


Innate Abilities, Weirdness & Mutations

You are immune to sickness and miasma.
You are immune to poison.
Your flesh is very heat resistant. (rF++)
You are vulnerable to cold. (rC-)
You float through the air rather than walking.
You learn spells naturally, not from books.
Your magical power is your life essence.
You have superior vitality. (+4 HP)


Message History

Grinder's fire resistance burns away.
* * * LOW HITPOINT WARNING * * *
Grinder grins, showing sharp teeth.
Grinder barely misses you.
Unknown command.
Unknown command.
Casting: Scorch (safe; 4% risk of failure)
Press: ? - help, Q - select action, (/) - cycle Dir - look around, f - activate You miscast Scorch.
You are very lightly contaminated with residual magic.
Nothing appears to happen.
* * * LOW HITPOINT WARNING * * *
Grinder closely misses you.
Unknown command.
Unknown command.
Casting: Scorch (safe; 4% risk of failure)
Press: ? - help, Q - select action, (/) - cycle Dir - look around, f - activate Flames lash Grinder.
Grinder is burned terribly!
Grinder is severely wounded.
* * * LOW HITPOINT WARNING * * *
Grinder gestures at you. You resist with some effort.
Unknown command.
Unknown command.
Unknown command.
Casting: Scorch (safe; 4% risk of failure)
Press: ? - help, Q - select action, (/) - cycle Dir - look around, f - activate Flames lash Grinder.
Grinder is burned terribly!
Grinder is almost dead.
* * * LOW HITPOINT WARNING * * *
Grinder gestures at you.
You suddenly lose the ability to move!
Grinder is no longer more vulnerable to fire.
Grinder hits you.
* * * LOW HITPOINT WARNING * * *
You writhe in agony.
* * * LOW HITPOINT WARNING * * *
Grinder gestures at you. Pain shoots through your body!
You die...

#........ #........
#........ #.
#........ #.
#......# #.
#......# ####.#
+.5....# .....###
##@.....#
#########.###+###
##.......#
##.#####.# #.# #...
#.# #..... #.#
#......#
######.#####.....##
#.##.#.........#.#


You could see Grinder.

Vanquished Creatures
  Sigmund (D:3)
  Ijyb (D:3)
  Robin (D:3)
  2 gnolls (D:2)
  6 adders
  A dart slug (D:1)
  3 endoplasms
  3 giant cockroaches
  14 goblins
  7 hobgoblins
  3 kobolds
  A quokka (D:3)
  5 ball pythons
  12 bats
  2 frilled lizards (D:1)
  8 rats
70 creatures vanquished.

Notes
Turn   | Place    | Note
-------+----------+-------------------------------------------
     0 | D:1      | lunkers the Djinni Cinder Acolyte began the quest for the
                  | Orb.
     0 | D:1      | Reached XP level 1. HP: 20/20 MP: 0/0
   390 | D:1      | Found a faded altar of an unknown god.
   425 | D:1      | Reached XP level 2. HP: 24/25 MP: 0/0
  1102 | D:1      | Reached XP level 3. HP: 28/30 MP: 0/0
  1102 | D:1      | Learned a level 1 spell: Pain
  1734 | D:2      | Reached XP level 4. HP: 26/35 MP: 0/0
  3127 | D:3      | Noticed Sigmund
  3133 | D:3      | Killed Sigmund
  3134 | D:3      | Reached XP level 5. HP: 29/42 MP: 0/0
  3134 | D:3      | Learned a level 2 spell: Passwall
  3134 | D:3      | Reached XP level 6. HP: 34/48 MP: 0/0
  3337 | D:3      | Noticed Robin
  3483 | D:3      | Killed Robin
  4276 | D:3      | Noticed Ijyb
  4283 | D:3      | Killed Ijyb
  4912 | D:4      | Noticed Grinder
  4912 | D:4      | Paralysed by Grinder for 5 turns
  4918 | D:4      | Paralysed by Grinder for 3 turns
  4924 | D:4      | Paralysed by Grinder for 6 turns
  4926 | D:4      | Killed from afar by Grinder

Illustrated notes

Levels and vault maps discovered:
D:1:      dpeg_arrival_prison, layout_loops_cross,
          chequers_ecumenical_altar_grove, minivault_26, serial_park_tiny_pond,
          minmay_misc_feat_cross, st_stairs_3
D:2:      layout_loops_ring
D:3:      minmay_wonky_spiral, layout_loops_cross, uniq_sigmund, uniq_robin,
          uniq_ijyb
D:4:      layout_basic, serial_co_window_serial, co_window_of_opportunity_a,
          co_window_corner_a, co_window_of_opportunity_a,
          co_window_of_opportunity_a, co_window_paths_a, co_window_corner_a,
          co_window_cross_1, co_window_corner_a, co_window_of_opportunity_a,
          co_window_2corner, co_window_corner_b, co_window_unsneaky_path_d,
          co_window_broadway_a, co_window_4corner_a, glass_columns_c,
          lemuel_another_geyser, uniq_grinder

Skill      XL: |  1  2  3  4 |
---------------+-------------+-----
Spellcasting   | 3 4 |  4.6
Fighting       | 4 |  4.6
Short Blades   | |  2.6
Shields        | |  0.5

Action                   |  1- 3 |  4- 6 || total
-------------------------+-------+-------++-------
Melee: Short sword       |    60 |       ||    60
       Dagger            |    50 |    15 ||    65
 Cast: Scorch            |     2 |    74 ||    76
       Pain              |     3 |       ||     3
Evoke: Wand              |       |     1 ||     1
Armor: Robe              |    44 |    14 ||    58
Dodge: Dodged            |    68 |    30 ||    98

Table legend: (Time is in decaauts)
 A = Elapsed time spent in this place.
 B = Non-inter-level travel time spent in this place.
 C = Inter-level travel time spent in this place.
 D = Time resting spent in this place.
 E = Time spent auto-exploring this place.
 F = Levels seen in this place.
 G = Mean time per level.
                   A        B        C        D        E       F      G
               +--------+--------+--------+--------+--------+-----+--------+
         Total |   4916 |   4806 |    110 |    505 |   3657 |   4 | 1229.0 |
       Dungeon |   4916 |   4806 |    110 |    505 |   3657 |   4 | 1229.0 |
               +--------+--------+--------+--------+--------+-----+--------+

Top non-repeatable levels by time:
     D:1: 2097 daAuts
     D:3: 1645 daAuts
     D:2: 1121 daAuts
     D:4: 52 daAuts
